 Dungeon Crawl Stone Soup version 0.32-a0-450-g080537f31e (webtiles) character file.

Game seed: 5616576525644312154

192 anacleto the Chiller (level 5, -5/28 HPs)
             Began as a Deep Elf Ice Elementalist on Feb 23, 2024.
             Slain by Grinder (6 damage)
             ... while paralysed by Grinder
             ... on level 3 of the Dungeon.
             The game lasted 00:08:19 (2874 turns).

anacleto the Chiller (Deep Elf Ice Elementalist)    Turns: 2874, Time: 00:08:19

Health: -5/28      AC:  2    Str:  5    XL:     5   Next: 42%
Magic:  2/13       EV:  2    Int: 22    God:
Gold:   95         SH:  0    Dex: 15    Spells: 2/12 levels left

rFire   . . .        (no weapon)
rCold   . . .        (no shield)
rNeg    . . .        a - +0 robe
rPois   .            (no helmet)
rElec   .            (no cloak)
rCorr   .            (no gloves)
SInv    .            (no boots)
Will    .....        (no amulet)
Stlth   +++          (no ring)
HPRegen 0.24/turn    (no ring)
MPRegen 0.13/turn

%: no passive effects
@: paralysed
A: no striking features
a: no special abilities


You were on level 3 of the Dungeon.
You visited 1 branch of the dungeon, and saw 3 of its levels.

You collected 95 gold pieces.

Inventory:

Missiles
 f - 36 stones
Armour
 a - a +0 robe (worn)
Jewellery
 j - a ring of see invisible
Scrolls
 c - a scroll of identify {unknown}
 d - 4 scrolls of amnesia {unknown}
 h - a scroll of butterflies {unknown}
 i - a scroll of teleportation {unknown}
 l - a scroll of enchant weapon {unknown}
 n - a scroll of enchant armour {unknown}
Potions
 b - a potion of magic
 e - a potion of mutation {unknown}
 g - a potion of berserk rage {unknown}
 k - a potion of curing {unknown}
 m - a potion of might {unknown}


   Skills:
 + Level 3.6 Dodging
 + Level 3.7 Stealth
 + Level 4.1 Spellcasting
 + Level 1.5 Conjurations
 * Level 5.4 Ice Magic
 + Level 1.3 Earth Magic


You had 2 spell levels left.
You knew the following spells:

 Your Spells              Type           Power      Damage    Failure   Level
a - Freeze                Ice            100%       1d10      1%          1
b - Stone Arrow           Conj/Erth      20%        3d8       19%         3
c - Frozen Ramparts       Ice            56%        1d9       3%          3
d - Summon Ice Beast      Ice/Summ       16%        N/A       11%         3

Your spell library contained the following spells:

 Spells                   Type           Power      Damage    Failure   Level
 Ozocubu's Armour         Ice            28%        N/A       3%          3
 Volatile Blastmotes      Fire/Tloc      8%         2d10      32%         3
 Animate Armour           Summ/Erth      14%        N/A       63%         4
 Fulminant Prism          Conj/Alch      3%         3d5       63%         4
 Iskenderun's Mystic Bla  Conj/Tloc      7%         2d4       63%         4
 Olgreb's Toxic Radiance  Alch           4%         N/A       73%         4
 Ozocubu's Refrigeration  Ice            14%        4d10      100%        7
 Discord                  Hex            2%         N/A       100%        8
 Lehudib's Crystal Spear  Conj/Erth      5%         10d3      100%        8


Dungeon Overview and Level Annotations

Branches:
Dungeon (3/15)

Altars:

Annotations:
D:3 Grinder


Message History

Casting: Summon Ice Beast (quite dangerous; 11% risk of failure)
Confirm with . or Enter, or press ? or * to list all spells.
A chill wind blows around you.
Grinder says, "I used to sell toenails on the black market."
Grinder gestures at you.
Your ice beast writhes in agony!
Grinder gestures at you.
Your ice beast writhes in agony.
Grinder hits your ice beast!
Your ice beast dies!
Your ice beast disappears in a puff of smoke!
Casting: Summon Ice Beast (quite dangerous; 11% risk of failure)
Confirm with . or Enter, or press ? or * to list all spells.
A chill wind blows around you.
Your magical contamination has completely faded away.
The frozen ramparts melt away.
Your ice beast hits Grinder.
Your ice beast freezes Grinder.
Grinder resists.
Your ice beast hits Grinder.
Your ice beast freezes Grinder.
Grinder completely resists.
Casting: Summon Ice Beast (quite dangerous; 11% risk of failure)
Confirm with . or Enter, or press ? or * to list all spells.
Aiming: Freeze (safe; 1% risk of failure)
Press: ? - help, Shift-Dir - straight line, f - Grinder
Aim: Grinder (moderately wounded, ally target)
You freeze Grinder but do no damage.
Grinder completely resists.
Grinder gestures at you.
You suddenly lose the ability to move!
Your ice beast hits Grinder.
Your ice beast freezes Grinder.
Grinder resists.
Grinder hits you.
You writhe in agony.
Your ice beast hits Grinder.
Your ice beast freezes Grinder.
Grinder resists.
Grinder hits you!
* * * LOW HITPOINT WARNING * * *
Your ice beast closely misses Grinder.
Grinder hits you.
* * * LOW HITPOINT WARNING * * *
Your ice beast hits Grinder but does no damage.
The orc completely misses your ice beast.
Grinder hits you.
You die...
Grinder says, "Now the real fun starts!"

. .... ....... # .. ####.#..
.. .# .. ....#.. . . . .
...#.# #.# .# .#.#
#...####.###.##.#.# #.#
#....o............ #.#
#.###!..##Y###.##.#.# #.
..........5@........# .
.#######...#.##.#.##.#.#.#.#
...........#.##........#...#
.#..............#.#......#.##
##.##.#..w#..##.#......#.#...
.#.##.#......##...#...g....#
.#.#..[......##.#.#.#.##.#.##.
.#.#..#.........#.............
.#[5....###..##.#.#.##.###.##.


You could see Grinder (ally target), an orc, a hobgoblin and a friendly ice
beast (summoned).

Vanquished Creatures
  An orc priest (D:3)
  Jessica (D:3)
  Terence (D:3)
  5 adders
  A dart slug (D:1)
  3 ribbon worms (D:2)
  2 orcs (D:3)
  5 bats
  7 endoplasms
  5 giant cockroaches
  9 goblins
  A jackal (D:3)
  6 kobolds (D:1)
  2 quokkas (D:1)
  4 ball pythons
  A frilled lizard (D:1)
  2 rats
56 creatures vanquished.

Notes
Turn   | Place    | Note
-------+----------+-------------------------------------------
     0 | D:1      | anacleto the Deep Elf Ice Elementalist began the quest for
                  | the Orb.
     0 | D:1      | Reached XP level 1. HP: 10/10 MP: 6/6
   320 | D:1      | Reached XP level 2. HP: 14/15 MP: 5/8
  1077 | D:1      | Reached XP level 3. HP: 19/19 MP: 7/9
  1113 | D:1      | Learned a level 3 spell: Stone Arrow
  1133 | D:1      | Found a faded altar of an unknown god.
  1561 | D:2      | Learned a level 3 spell: Frozen Ramparts
  1626 | D:2      | Reached skill level 5 in Ice Magic
  1872 | D:2      | Reached XP level 4. HP: 14/24 MP: 5/11
  2375 | D:3      | Noticed Terence
  2389 | D:3      | Killed Terence
  2390 | D:3      | Reached skill level 1 in Conjurations
  2390 | D:3      | Reached skill level 1 in Earth Magic
  2440 | D:3      | Noticed Jessica
  2450 | D:3      | Killed Jessica
  2451 | D:3      | Reached XP level 5. HP: 12/28 MP: 7/13
  2575 | D:3      | Noticed Grinder
  2582 | D:3      | Paralysed by Grinder for 4 turns
  2632 | D:2      | Learned a level 3 spell: Summon Ice Beast
  2870 | D:3      | Paralysed by Grinder for 5 turns
  2873 | D:3      | HP: 1/28 [Grinder (6)]
  2874 | D:3      | Slain by Grinder

Illustrated notes

Levels and vault maps discovered:
D:1:      psy_arrival_whirlpool, layout_basic,
          hellmonk_ecumenical_altar_inner_sanctum, minmay_unequal
D:2:      layout_rooms, minmay_misc_feat_hallway,
          chequers_serial_rivers_small_b, corner_web_ring, hex_intersection,
          skrybe_limestone_x
D:3:      layout_loops_cross, old_standard_altar,
          nicolae_qazlal_eye_of_the_storm, minmay_diced_spiral, uniq_grinder,
          uniq_jessica, uniq_terence, uniq_crazy_yiuf_cottage

Skill      XL: |  1  2  3  4 |
---------------+-------------+-----
Stealth        | 3 |  3.7
Dodging        | 3 |  3.6
Ice Magic      | 5 |  5.4
Conjurations   | 1 |  1.5
Earth Magic    | 1 |  1.3
Spellcasting   | 4 |  4.1

Action                     |  1- 3 |  4- 6 || total
---------------------------+-------+-------++-------
  Melee: Unarmed           |    11 |     6 ||    17
   Cast: Freeze            |    58 |    33 ||    91
         Frozen Ramparts   |     2 |     4 ||     6
         Summon Ice Beast  |       |     3 ||     3
 Armour: Robe              |    23 |    16 ||    39
  Dodge: Dodged            |    27 |    16 ||    43

Table legend: (Time is in decaauts)
 A = Elapsed time spent in this place.
 B = Non-inter-level travel time spent in this place.
 C = Inter-level travel time spent in this place.
 D = Time resting spent in this place.
 E = Time spent auto-exploring this place.
 F = Levels seen in this place.
 G = Mean time per level.
                   A        B        C        D        E       F      G
               +--------+--------+--------+--------+--------+-----+--------+
         Total |   2876 |   2783 |     93 |    367 |   1877 |   3 |  958.7 |
       Dungeon |   2876 |   2783 |     93 |    367 |   1877 |   3 |  958.7 |
               +--------+--------+--------+--------+--------+-----+--------+

Top non-repeatable levels by time:
     D:2: 1266 daAuts
     D:1: 1228 daAuts
     D:3: 382 daAuts
